 Dungeon Sprint DCSS version 0.30.1-11-g7821555f0a (webtiles) character file.

Game seed: 10589518583268385132

25 Groucho the Shooter (level 2, -2/16 HPs)
             Began as a Spriggan Hunter on Jan 3, 2024.
             Was a Believer of Qazlal.
             Slain by a mummy (18 damage)
             ... in the Dungeon (Sprint VII: "The Pits").
             The game lasted 00:01:26 (256 turns).

Groucho the Shooter (Spriggan Hunter)                Turns: 256, Time: 00:01:26

Health: -2/16      AC:  2    Str:  7    XL:     2   Next: 86%
Magic:  4/5        EV: 19    Int: 10    God:    Qazlal [**....]
Gold:   0          SH:  2    Dex: 18    Spells: 1/1 levels left

rFire   . . .        a - +0 shortbow
rCold   . . .        (shield currently unavailable)
rNeg    . . .        c - +0 robe
rPois   .            (helmet restricted)
rElec   .            (no cloak)
rCorr   .            (gloves unavailable)
SInv    +            (boots unavailable)
Will    .....        (no amulet)
Stlth   ++           (no ring)
HPRegen 0.22/turn    (no ring)
MPRegen 0.09/turn

%: no teleportation
@: very quick
A: very small, no large weapons, unfitting armour, see invisible, speed 3
a: Renounce Religion, Upheaval


You were in the Dungeon.
You worshipped Qazlal.
Qazlal was pleased with you.
You visited 1 branch

Inventory:

Hand Weapons
 a - a +0 shortbow (weapon)
Armour
 c - a +0 robe (worn)
Scrolls
 b - a scroll of immolation
 i - a scroll of blinking
 k - 5 scrolls of amnesia
 l - a scroll of butterflies
Potions
 d - a potion of curing
 e - a potion of heal wounds
 f - a potion of haste
 g - 4 potions of magic
 h - 3 potions of berserk rage
 j - 2 potions of invisibility


   Skills:
 + Level 2.6 Fighting
 + Level 4.7 Ranged Weapons
 + Level 4.2 Dodging
 - Level 2.2 Stealth
 * Level 3.1 Invocations


You had one spell level left.
You didn't know any spells.
Your spell library was empty.

Dungeon Overview and Level Annotations

Branches:
Dungeon (1/1)

Altars:
Ashenzari
Cheibriados
Dithmenos
Elyvilon
Fedhas
Gozag
Hepliaklqana
Kikubaaqudgha
Makhleb
Nemelex Xobeh
Okawaru
Qazlal
Ru
Sif Muna
Trog
Uskayaw
Vehumet
Wu Jian
Xom
Yredelemnul
Zin
The Shining One
Jiyva
Lugonu


Innate Abilities, Weirdness & Mutations

You are very small and have problems with some larger weapons.
You are too small for most types of armour.
You have supernaturally acute eyesight. (SInv)
You cover ground extremely quickly. (Speed+++)


Message History

The bat skeleton hits you but does no damage.
The bat skeleton completely misses you. The bat skeleton closely misses you.
The bat skeleton hits you but does no damage.
You shoot an arrow. The arrow hits the bat skeleton.
You destroy the bat skeleton!
Qazlal accepts your kill.
No target in view!
No target in view!
There is an open door here.
You see here a rat corpse.
You open the door.
A mummy comes into view.
You shoot an arrow.
The arrow hits the mummy but does no damage.
You hear a shout!
A gnoll comes into view. It is wielding a +0 flail.
You shoot an arrow. The arrow completely misses the mummy.
The arrow hits the gnoll.
The gnoll is heavily wounded.
A jackal comes into view.
You shoot an arrow. The arrow barely misses the mummy.
The jackal barks!
The arrow hits the gnoll!
You kill the gnoll!
Qazlal accepts your kill.
You can now call upon nature to destroy your foes.
You hear a bark!
A jackal comes into view.
Your Dodging skill increases to level 4!
Your Invocations skill increases to level 3!
Unknown command.
Unknown command.
Fire: a) +0 shortbow
Press: ? - help, Q - select action, (/) - cycle Shift-Dir - straight line, f - jackal, p - mummy
Aim: a jackal (58% to hit)
You shoot an arrow. The arrow hits the jackal.
The jackal is severely wounded.
The mummy hits you!!
Ouch! That really hurt!
You die...

#_________.#
#_________.#
#_______...#########
##########'##.......
#.?(.')))'.##......#
##########.##.......
#...........'..)....
+#####'#####......#
#@.#.†#..##.......
#Mh†..'.)#####'###
##h####+###.......
#..) #....... #....
#....... #####+
#...<... #.......
#....... #.......


You could see a mummy and 2 jackals.

Vanquished Creatures
  A gnoll (D)
  A river rat (D)
  An orc (D)
  A bat skeleton (D)
  A goblin (D)
  A quokka (D)
  A rat (D)
7 creatures vanquished.

Notes
Turn   | Place    | Note
-------+----------+-------------------------------------------
     0 | D        | Groucho the Spriggan Hunter began the quest for the Orb.
     0 | D        | Reached XP level 1. HP: 10/10 MP: 2/2
    41 | D        | Found a bloodstained altar of Trog.
    41 | D        | Found a shimmering blue altar of Sif Muna.
    41 | D        | Found a viscous altar of Jiyva.
    41 | D        | Found a hazy altar of Hepliaklqana.
    41 | D        | Found an opulent altar of Gozag.
    42 | D        | Found a glowing golden altar of the Shining One.
    42 | D        | Found a glowing silver altar of Zin.
    42 | D        | Found a basalt altar of Yredelemnul.
    42 | D        | Found a shimmering altar of Xom.
    42 | D        | Found an ornate altar of the Wu Jian Council.
    42 | D        | Found a sacrificial altar of Ru.
    42 | D        | Found a stormy altar of Qazlal.
    42 | D        | Found an iron altar of Okawaru.
    42 | D        | Found a sparkling altar of Nemelex Xobeh.
    42 | D        | Found a burning altar of Makhleb.
    42 | D        | Found a blossoming altar of Fedhas.
    42 | D        | Found a white marble altar of Elyvilon.
    42 | D        | Found a shadowy altar of Dithmenos.
    42 | D        | Found a snail-covered altar of Cheibriados.
    43 | D        | Found a radiant altar of Vehumet.
    43 | D        | Found a corrupted altar of Lugonu.
    44 | D        | Found an ancient bone altar of Kikubaaqudgha.
    44 | D        | Found a hide-covered altar of Uskayaw.
    44 | D        | Found a broken altar of Ashenzari.
    47 | D        | Became a worshipper of Qazlal Stormbringer
    59 | D        | Reached XP level 2. HP: 15/15 MP: 2/4
   241 | D        | Reached * piety under Qazlal
   255 | D        | Reached ** piety under Qazlal
   256 | D        | Slain by a mummy

Illustrated notes

Levels and vault maps discovered:
D:        pitsprint [storerooms_1, entrance_room_1, metal_vault_6, armoury_3,
          mini_pit_1, grid_room_1, main_hall_1, silver_pit, the_coven_1,
          the_vestibule_1, steel_vault_4, golden_pit, hallway_of_sentries,
          crystal_vault_2, iron_vault_4, final_vault]

Skill      XL: |  1  2 |
---------------+-------+-----
Dodging        | 3 4 |  4.2
Stealth        | 2 |  2.2
Fighting       | 2 |  2.6
Invocations    | 2 3 |  3.1
Ranged Weapons | |  4.7

Action                     || total
---------------------------++-------
   Fire: Shortbow          ||    16
 Armour: Robe              ||     3
  Dodge: Dodged            ||    10
